 Dungeon Crawl Stone Soup version 0.30.1-11-g7821555f0a (webtiles) character file.

Game seed: 1237474415073831784

352 ChrisAssaf the Digger (level 6, -6/44 HPs)
             Began as a Gnoll Earth Elementalist on Jan 6, 2024.
             Was a Believer of Cheibriados.
             Mangled by Prince Ribbit (17 damage)
             ... on level 5 of the Dungeon.
             The game lasted 00:10:24 (3260 turns).

ChrisAssaf the Digger (Gnoll Earth Elementalist)    Turns: 3260, Time: 00:10:24

Health: -6/44      AC:  4    Str: 11    XL:     6   Next: 62%
Magic:  8/14       EV: 19    Int: 20    God:    Cheibriados [**....]
Gold:   93         SH:  0    Dex: 17    Spells: 5/15 levels left

rFire   + . .        e - +2 dagger
rCold   . . .        (no shield)
rNeg    . . .        a - +2 robe
rPois   .            (no helmet)
rElec   .            (no cloak)
rCorr   .            (no gloves)
SInv    .            (no boots)
Will    .....        c - amulet of the acrobat
Stlth   +++          i - ring of protection from fire
HPRegen 0.27/turn    u - +5 ring of evasion
MPRegen 0.14/turn

%: acrobat
@: very slow
A: fangs 1, strong nose, distributed training
a: Renounce Religion, Bend Time


You were on level 5 of the Dungeon.
You worshipped Cheibriados.
Cheibriados was pleased with you.
You visited 1 branch of the dungeon, and saw 5 of its levels.

You collected 147 gold pieces.
You spent 54 gold pieces at shops.

Inventory:

Hand Weapons
 e - a +2 dagger (weapon)
 g - a +0 sling of draining
Missiles
 m - 4 javelins (quivered)
Armour
 a - a +2 robe (worn)
Jewellery
 c - an amulet of the acrobat (around neck)
 i - a ring of protection from fire (left hand)
 u - a +5 ring of evasion (right hand)
Scrolls
 l - a scroll of immolation
 t - 2 scrolls of enchant armour
Potions
 b - a potion of magic
 d - a potion of invisibility {unknown}
 f - a potion of ambrosia {unknown}
 h - a potion of lignification {unknown}
 j - a potion of cancellation {unknown}
 k - a potion of heal wounds {unknown}
 n - a potion of curing
 o - a potion of brilliance {unknown}
 p - a potion of might {unknown}
 q - 2 potions of berserk rage {unknown}
 r - 2 potions of degeneration {unknown}
 s - a potion of mutation {unknown}
 v - a potion of flight {unknown}


   Skills:
 + Level 2.1 Fighting
 + Level 2.1 Short Blades
 + Level 2.1 Long Blades
 + Level 2.1 Axes
 + Level 2.1 Maces & Flails
 + Level 2.1 Polearms
 + Level 2.1 Staves
 + Level 2.1 Ranged Weapons
 + Level 2.1 Throwing
 + Level 2.1 Armour
 + Level 5.0 Dodging
 + Level 4.7 Stealth
 + Level 2.1 Shields
 + Level 2.1 Unarmed Combat
 + Level 5.4 Spellcasting
 + Level 1.7 Conjurations
 + Level 1.7 Hexes
 + Level 1.7 Summonings
 + Level 1.7 Necromancy
 + Level 1.7 Translocations
 + Level 2.7 Transmutations
 + Level 1.7 Fire Magic
 + Level 1.7 Ice Magic
 + Level 1.7 Air Magic
 + Level 5.7 Earth Magic
 + Level 1.7 Poison Magic
 + Level 2.3 Invocations
 + Level 2.1 Evocations


You had 5 spell levels left.
You knew the following spells:

 Your Spells              Type           Power      Damage    Failure   Level
a - Sandblast             Erth           56%        2d13      1%          1
b - Passwall              Tmut/Erth      18%        N/A       3%          2
c - Stone Arrow           Conj/Erth      40%        3d9       7%          3
d - Petrify               Tmut/Erth      22%        N/A       19%         4

Your spell library contained the following spells:

 Spells                   Type           Power      Damage    Failure   Level
 Summon Forest            Summ/Tloc      6%         N/A       83%         5
 Summon Mana Viper        Hex/Summ       12%        N/A       83%         5
 Summon Cactus Giant      Summ           6%         N/A       100%        6


Dungeon Overview and Level Annotations

Branches:
Dungeon (5/15)
 Temple: D:4-7

Altars:
Ashenzari
Cheibriados
Gozag
Kikubaaqudgha
Makhleb
Vehumet
Wu Jian

Shops:
D:2 *   D:3 *

Annotations:
D:5 Prince Ribbit


Innate Abilities, Weirdness & Mutations

You have very sharp teeth.
Your uncanny sense of smell can sniff out nearby items.
Your experience applies equally to all skills.


Message History

Prince Ribbit is lightly wounded.
Throw: 6 javelins
Press: ? - help, Q - select action, (/) - cycle Shift-Dir - straight line, f/p - Prince Ribbit
Aim: Prince Ribbit (lightly wounded, 41% to hit)
You throw a javelin.
The javelin closely misses Prince Ribbit.
Prince Ribbit sighs, "It's not easy being green!"
Prince Ribbit blinks!
Throw: 5 javelins
Press: ? - help, Q - select action, (/) - cycle Shift-Dir - straight line, f/p - Prince Ribbit
Aim: Prince Ribbit (lightly wounded, 41% to hit)
You throw a javelin.
The javelin closely misses Prince Ribbit.
Prince Ribbit hits you!
Casting: Petrify (quite dangerous; 19% risk of failure)
Confirm with . or Enter, or press ? or * to list all spells.
The spell is quite dangerous to miscast (19% risk of failure)!
Continue anyway?
Aiming: Petrify (quite dangerous; 19% risk of failure)
Press: ? - help, Shift-Dir - straight line, f/p - Prince Ribbit
Aim: Prince Ribbit (lightly wounded, chance to affect: 37%)
Okay, then.
Casting: Petrify (quite dangerous; 19% risk of failure)
Confirm with . or Enter, or press ? or * to list all spells.
Aiming: Stone Arrow (dangerous; 7% risk of failure)
Press: ? - help, Shift-Dir - straight line, f/p - Prince Ribbit
Aim: Prince Ribbit (lightly wounded, 50% to hit)
The stone arrow hits Prince Ribbit!
Prince Ribbit is heavily wounded.
Prince Ribbit closely misses you.
Unknown command.
Casting: Stone Arrow (dangerous; 7% risk of failure)
Confirm with . or Enter, or press ? or * to list all spells.
Aiming: Stone Arrow (dangerous; 7% risk of failure)
Press: ? - help, Shift-Dir - straight line, f/p - Prince Ribbit
Aim: Prince Ribbit (heavily wounded, 50% to hit)
The stone arrow misses Prince Ribbit.
Prince Ribbit hits you! x2
* * * LOW HITPOINT WARNING * * *
Unknown command.
You feel better. Prince Ribbit hits you!
You die...

∆ #
#####.######
(......@F.(#
#####.###.##
.. #...# ##
#.##### #
#####.#...#
#.##.......###
#........#.#
#.#
####.#####.#
#.# #.# #.#
#.#


You could see Prince Ribbit.

Vanquished Creatures
  Duvessa (D:4)
  Dowan (D:4)
  A hound (D:4)
  An orc wizard (D:3)
  2 iguanas
  3 adders
  2 worms
  3 dart slugs
  5 orcs
  4 ball pythons
  4 bats
  3 endoplasms
  3 giant cockroaches
  6 goblins
  4 hobgoblins
  5 kobolds
  2 quokkas (D:1)
  2 frilled lizards (D:1)
  6 rats
58 creatures vanquished.

Notes
Turn   | Place    | Note
-------+----------+-------------------------------------------
     0 | D:1      | ChrisAssaf the Gnoll Earth Elementalist began the quest for
                  | the Orb.
     0 | D:1      | Reached XP level 1. HP: 13/13 MP: 6/6
   126 | D:1      | Reached XP level 2. HP: 19/19 MP: 2/7
   132 | D:1      | Learned a level 2 spell: Passwall
   738 | D:2      | Reached skill level 5 in Spellcasting
   738 | D:2      | Reached XP level 3. HP: 8/25 MP: 4/9
   742 | D:2      | Learned a level 3 spell: Stone Arrow
   835 | D:2      | Found a faded altar of an unknown god.
   835 | D:2      | Noticed a rust devil
   847 | D:2      | Prayed at the altar of an unknown god.
   847 | D:2      | Became a worshipper of Cheibriados the Contemplative
   847 | D:2      | Reached * piety under Cheibriados
   933 | D:2      | Found Gokieppe's Assorted Antiques.
   940 | D:2      | Bought a scroll labelled ZATZOI XASUY for 27 gold pieces
   940 | D:2      | Bought a scroll labelled KEUCWO CELYIDUCE for 27 gold
                  | pieces
  1070 | D:1      | Reached skill level 1 in Invocations
  1666 | D:3      | Found a burning altar of Makhleb.
  1670 | D:3      | Reached skill level 1 in Fighting
  1670 | D:3      | Reached skill level 1 in Short Blades
  1670 | D:3      | Reached skill level 1 in Long Blades
  1670 | D:3      | Reached skill level 1 in Axes
  1670 | D:3      | Reached skill level 1 in Maces & Flails
  1670 | D:3      | Reached skill level 1 in Polearms
  1670 | D:3      | Reached skill level 1 in Staves
  1670 | D:3      | Reached skill level 1 in Ranged Weapons
  1670 | D:3      | Reached skill level 1 in Throwing
  1670 | D:3      | Reached skill level 1 in Armour
  1670 | D:3      | Reached skill level 1 in Shields
  1670 | D:3      | Reached skill level 1 in Unarmed Combat
  1670 | D:3      | Reached skill level 1 in Evocations
  1691 | D:3      | Reached XP level 4. HP: 32/32 MP: 2/11
  1696 | D:3      | Learned a level 4 spell: Petrify
  1801 | D:3      | Reached skill level 1 in Conjurations
  1801 | D:3      | Reached skill level 1 in Hexes
  1801 | D:3      | Reached skill level 1 in Summonings
  1801 | D:3      | Reached skill level 1 in Necromancy
  1801 | D:3      | Reached skill level 1 in Translocations
  1801 | D:3      | Reached skill level 1 in Fire Magic
  1801 | D:3      | Reached skill level 1 in Ice Magic
  1801 | D:3      | Reached skill level 1 in Air Magic
  1801 | D:3      | Reached skill level 1 in Poison Magic
  1802 | D:3      | Reached ** piety under Cheibriados
  2048 | D:3      | Found Gozag's Platinum Reserve.
  2054 | D:3      | Found an opulent altar of Gozag.
  2252 | D:4      | Found an ornate altar of the Wu Jian Council.
  2395 | D:4      | Reached XP level 5. HP: 37/37 MP: 8/12
  2639 | D:4      | Noticed Duvessa
  2641 | D:4      | Noticed Dowan
  2648 | D:4      | Killed Duvessa
  2649 | D:4      | Reached skill level 5 in Dodging
  2649 | D:4      | Reached XP level 6. HP: 40/44 MP: 10/14
  2652 | D:4      | Killed Dowan
  2766 | D:4      | Found a radiant altar of Vehumet.
  2906 | D:4      | Found a broken altar of Ashenzari.
  2906 | D:4      | Found an ancient bone altar of Kikubaaqudgha.
  3088 | D:5      | Entered Level 5 of the Dungeon
  3254 | D:5      | Noticed Prince Ribbit
  3260 | D:5      | Mangled by Prince Ribbit

Illustrated notes

Levels and vault maps discovered:
D:1:      tarquinn_simple_flora_water_c, layout_loops_ring, serial_glass,
          glass_columns_a, glass_columns_a, minmay_misc_feat_pillars
D:2:      layout_basic, dreamdust_ecumenical_altar_sealed_demon, serial_shops,
          shop
D:3:      layout_rooms, nicolae_gozag_zags_fifth_avenue, lemuel_crystal_altar,
          corexii_leaking_fountain, kennysheep_boxes
D:4:      layout_loops_cross, nicolae_vehumet_altar_sigil,
          gammafunk_temple_overflow_elements, nzn_wu_jian_contemplation,
          nrook_campfire, uniq_duvessa
D:5:      layout_basic, lemuel_blue_sif_altar, uniq_menkaure,
          uniq_prince_ribbit1

Skill      XL: |  1  2  3  4  5  6 |
---------------+-------------------+-----
Transmutations | 2 |  2.7
Spellcasting   | 5 |  5.4
Invocations    | 1 2 |  2.3
Fighting       | 1 2 |  2.1
Short Blades   | 1 2 |  2.1
Long Blades    | 1 2 |  2.1
Axes           | 1 2 |  2.1
Maces & Flails | 1 2 |  2.1
Polearms       | 1 2 |  2.1
Staves         | 1 2 |  2.1
Ranged Weapons | 1 2 |  2.1
Throwing       | 1 2 |  2.1
Armour         | 1 2 |  2.1
Shields        | 1 2 |  2.1
Unarmed Combat | 1 2 |  2.1
Evocations     | 1 2 |  2.1
Conjurations   | 1 |  1.7
Hexes          | 1 |  1.7
Summonings     | 1 |  1.7
Necromancy     | 1 |  1.7
Translocations | 1 |  1.7
Fire Magic     | 1 |  1.7
Ice Magic      | 1 |  1.7
Air Magic      | 1 |  1.7
Poison Magic   | 1 |  1.7
Dodging        | 5 |  5.0
Stealth        | |  4.7
Earth Magic    | |  5.7

Action                     |  1- 3 |  4- 6 || total
---------------------------+-------+-------++-------
  Melee: Dagger            |    32 |    23 ||    55
         Bite              |     1 |     2 ||     3
  Throw: Javelin           |       |    21 ||    21
   Cast: Sandblast         |    29 |     7 ||    36
         Stone Arrow       |     5 |    15 ||    20
         Petrify           |       |     5 ||     5
    Use: Scroll            |     7 |     3 ||    10
         Potion            |       |     2 ||     2
   Stab: Sleeping          |     5 |       ||     5
         Petrified         |       |     4 ||     4
 Armour: Robe              |     6 |     3 ||     9
  Dodge: Dodged            |    25 |    19 ||    44
